 Dungeon Crawl Stone Soup version 0.28-a0-852-gbbce81c95b (webtiles) character file.

Game seed: 11399533246193298981

2979 Decritt the Fighter (level 9, -5/85 HPs)
             Began as a Minotaur Fighter on Nov 15, 2021.
             Was an Initiate of Gozag.
             Slain by a spriggan (6 damage)
             ... on level 6 of the Dungeon.
             The game lasted 00:16:25 (8029 turns).

Decritt the Fighter (Minotaur Fighter)              Turns: 8029, Time: 00:16:25

Health: -5/85      AC: 19    Str: 24    XL:     9   Next: 53%
Magic:  8/8        EV:  8    Int:  5    God:    Gozag
Gold:   829        SH:  4    Dex: 10    Spells: 8/8 levels left

rFire   + . .      SeeInvis .   a - +0 war axe
rCold   . . .      Faith    .   c - +0 buckler
rNeg    . . .      Spirit   .   E - +0 plate armour
rPois   .          Reflect  .   (helmet restricted)
rElec   .          Harm     .   j - +0 cloak
rCorr   .          Rampage  .   u - +0 pair of gloves
Will    .....                   (no boots)
Stlth   ..........              (no amulet)
HPRegen 0.24/turn               w - +4 ring of protection
MPRegen 0.11/turn               y - ring of protection from fire

@: mighty
A: horns 2, retaliatory headbutt
a: Renounce Religion, Potion Petition, Call Merchant, Bribe Branch


You were on level 6 of the Dungeon.
You worshipped Gozag.
Gozag was pleased with you.
You visited 2 branches of the dungeon, and saw 9 of its levels.

You collected 890 gold pieces.
You paid 61 gold pieces to Gozag.

Inventory:

Hand Weapons
 a - a +0 war axe (weapon)
Missiles
 r - 4 javelins
 v - a silver boomerang (quivered)
Armour
 b - a +0 scale mail
 c - a +0 buckler (worn)
 j - a +0 cloak (worn)
 n - a +2 chain mail of fire resistance
 u - a +0 pair of gloves (worn)
 E - a +0 plate armour (worn)
Jewellery
 w - a +4 ring of protection (left hand)
 y - a ring of protection from fire (right hand)
Wands
 p - a wand of digging (6)
 z - a wand of flame (8)
 A - a wand of iceblast (8)
 D - a wand of polymorph (9)
Scrolls
 e - a scroll of enchant weapon {unknown}
 f - a scroll of vulnerability {unknown}
 q - 2 scrolls of amnesia
 t - a scroll of fear {unknown}
 x - 3 scrolls of teleportation
 B - a scroll of enchant armour {unknown}
Potions
 d - a potion of might
 g - 2 potions of magic
 h - a potion of attraction {unknown}
 i - a potion of haste {unknown}
 k - a potion of brilliance
 l - a potion of flight {unknown}
 m - 2 potions of curing
 o - a potion of degeneration {unknown}
 s - 2 potions of mutation
 C - a potion of heal wounds {unknown}


   Skills:
 + Level 9.6 Fighting
 + Level 9.2 Axes
 + Level 1.6 Throwing
 + Level 7.2 Armour
 - Level 5.0 Dodging
 - Level 4.4 Shields
 + Level 2.3 Evocations


You had 8 spell levels left.
You didn't know any spells.
Your spell library contained the following spells:

 Spells                   Type           Power      Damage    Failure   Level
 Animate Skeleton         Necr           0%         N/A       100%        1
 Apportation              Tloc           0%         N/A       100%        1
 Foxfire                  Conj/Fire      0%         2x1d4     100%        1
 Sandblast                Erth           0%         2d4       100%        1
 Summon Small Mammal      Summ           0%         N/A       100%        1
 Ensorcelled Hibernation  Hex/Ice        0%         N/A       100%        2
 Passwall                 Tmut/Erth      0%         N/A       100%        2
 Sublimation of Blood     Necr           0%         N/A       100%        2
 Wereblood                Tmut           0%         N/A       100%        2
 Conjure Flame            Conj/Fire      0%         6-21      100%        3
 Inner Flame              Hex/Fire       0%         N/A       100%        3
 Ozocubu's Armour         Ice            0%         N/A       100%        3
 Stone Arrow              Conj/Erth      0%         3d7       100%        3
 Tukima's Dance           Hex            0%         N/A       100%        3
 Flame Wave               Conj/Fire      0%         3d3       100%        4
 Ozocubu's Refrigeration  Ice            0%         4d5       100%        7
 Summon Hydra             Summ           0%         N/A       100%        7


Dungeon Overview and Level Annotations

Branches:
Dungeon (8/15)             Temple (1/1) D:4
   Lair: D:8-11

Altars:
Ashenzari
Cheibriados
Dithmenos
Elyvilon
Fedhas
Gozag
Hepliaklqana
Kikubaaqudgha
Makhleb
Nemelex Xobeh
Okawaru
Qazlal
Ru
Sif Muna
Trog
Uskayaw
Vehumet
Xom
Yredelemnul
Zin
The Shining One

Shops:
D:1 (


Innate Abilities, Weirdness & Mutations

You have a pair of horns on your head.
You reflexively headbutt those who attack you in melee.


Message History

The spriggan is severely wounded.
You barely miss the two-headed ogre.
The two-headed ogre hits you with a +0 dire flail!
* * * LOW HITPOINT WARNING * * *
The two-headed ogre hits you with a +0 giant club.
* * * LOW HITPOINT WARNING * * *
The spriggan hits you but does no damage.
You barely miss the spriggan. Your headbutt misses the spriggan.
The spriggan is severely wounded.
You slash the two-headed ogre! You block the two-headed ogre's attack.
The two-headed ogre hits you with a +0 giant club!!
* * * LOW HITPOINT WARNING * * *
The spriggan hits you but does no damage.
You barely miss the spriggan.
The spriggan is severely wounded.
You barely miss the two-headed ogre.
The spriggan hits you but does no damage.
The two-headed ogre barely misses you. You furiously retaliate!
You headbutt the two-headed ogre, but do no damage.
The two-headed ogre completely misses you.
Unknown command.
You closely miss the spriggan.
The spriggan is severely wounded.
You slash the two-headed ogre!
The spriggan hits you but does no damage.
You block the two-headed ogre's attack.
The two-headed ogre hits you with a +0 giant club.
* * * LOW HITPOINT WARNING * * *
You feel better. The spriggan barely misses you. You furiously retaliate!
You headbutt the spriggan.
You feel very mighty all of a sudden.
The two-headed ogre hits you but does no damage.
The two-headed ogre hits you with a +0 giant club!
* * * LOW HITPOINT WARNING * * *
The spriggan hits you but does no damage.
You slice the two-headed ogre!! You headbutt the two-headed ogre.
The two-headed ogre is almost dead.
You barely miss the spriggan. The spriggan hits you with a +0 dagger.
You die...
Your body crumbles into a pile of gold.

#.# #.# #.#
#.# #.# #.#
###########
#.#
#.....>....
#i#
#.#########
###@# #.#
#.O.# #.#
#.### #.#
#.# #.# #.#
#.### #.#
#...# #.#
###.# #.#
#.# #.# #.#


You could see a two-headed ogre and a spriggan.

Vanquished Creatures
  A two-headed ogre (D:6)
  An ugly thing (D:7)
  A steam dragon (D:6)
  An acid dragon (D:7)
  A water moccasin (D:5)
  2 sky beasts
  An orc warrior (D:7)
  An ogre (D:5)
  A necrophage (D:6)
  A centaur (D:5)
  A kobold brigand (D:5)
  2 bullfrogs
  A scorpion (D:5)
  2 howler monkeys
  A bullfrog zombie (D:5)
  A hound (D:6)
  3 jellies
  5 orc priests
  Crazy Yiuf (D:2)
  Jessica (D:2)
  7 orc wizards
  A hound skeleton (D:4)
  A howler monkey zombie (D:6)
  Robin (D:2)
  A howler monkey skeleton (D:7)
  8 adders
  A shadow imp (D:5)
  2 white imps (D:6)
  An adder zombie (D:5)
  2 worms
  A dart slug (D:1)
  24 orcs
  5 ball pythons
  4 bats
  5 endoplasms
  5 giant cockroaches
  12 goblins
  12 hobgoblins
  5 jackals
  4 quokkas
  2 frilled lizards
  9 kobolds
  5 rats
147 creatures vanquished.

Vanquished Creatures (others)
  An orc wizard (D:4)
1 creature vanquished.

Grand Total: 148 creatures vanquished

Notes
Turn   | Place    | Note
-------+----------+-------------------------------------------
     0 | D:1      | Decritt the Minotaur Fighter began the quest for the Orb.
     0 | D:1      | Reached XP level 1. HP: 19/19 MP: 0/0
   417 | D:1      | Reached XP level 2. HP: 27/27 MP: 1/1
   555 | D:1      | Found Nixzasun's Weapon Boutique.
  1297 | D:2      | Noticed Robin
  1300 | D:2      | Reached XP level 3. HP: 22/33 MP: 2/2
  1782 | D:2      | Killed Robin
  2049 | D:2      | Found a runed translucent door.
  2050 | D:2      | Noticed Crazy Yiuf
  2056 | D:2      | Killed Crazy Yiuf
  2057 | D:2      | Reached XP level 4. HP: 41/41 MP: 3/3
  2189 | D:2      | Noticed Jessica
  2195 | D:2      | Killed Jessica
  2660 | D:3      | Reached skill level 5 in Fighting
  2893 | D:3      | Found an ancient bone altar of Kikubaaqudgha.
  2900 | D:3      | Reached XP level 5. HP: 45/48 MP: 4/4
  3699 | D:4      | Reached skill level 1 in Dodging
  3975 | D:4      | Found a staircase to the Ecumenical Temple.
  3983 | Temple   | Entered the Ecumenical Temple
  4031 | Temple   | Became a worshipper of Gozag Ym Sagoz the Greedy
  4259 | D:4      | Reached XP level 6. HP: 56/56 MP: 5/5
  4479 | D:5      | Entered Level 5 of the Dungeon
  4536 | D:5      | Reached skill level 5 in Axes
  4771 | D:5      | Reached skill level 5 in Armour
  4771 | D:5      | Reached XP level 7. HP: 53/64 MP: 6/6
  5454 | D:6      | Noticed a steam dragon
  5462 | D:6      | Killed a steam dragon
  5463 | D:6      | Reached XP level 8. HP: 72/73 MP: 7/7
  5604 | D:6      | Found a radiant altar of Vehumet.
  5698 | D:6      | Noticed a two-headed ogre
  5705 | D:6      | Killed a two-headed ogre
  5706 | D:6      | Reached skill level 1 in Evocations
  5824 | D:6      | Found a white marble altar of Elyvilon.
  5997 | D:6      | Found a shadowy altar of Dithmenos.
  6014 | D:6      | Reached XP level 9. HP: 65/82 MP: 8/8
  6536 | D:7      | Found a broken altar of Ashenzari.
  6957 | D:7      | Noticed a red ugly thing
  6967 | D:7      | Killed a red ugly thing
  6968 | D:7      | Reached skill level 1 in Throwing
  6968 | D:7      | Reached skill level 5 in Dodging
  7771 | D:8      | Noticed a two-headed ogre
  7772 | D:8      | Noticed a two-headed ogre
  8026 | D:6      | HP: 4/85 [two-headed ogre (5)]
  8028 | D:6      | HP: 1/85 [two-headed ogre (13)]
  8029 | D:6      | Slain by a spriggan

Illustrated notes

Levels and vault maps discovered:
D:1:      dpeg_arrival_shrine, layout_loops_ring, serial_shops,
          nicolae_shop_behind_doors, serial_park_tiny_1
D:2:      layout_basic, uniq_crazy_yiuf_cottage, uniq_robin, uniq_jessica
D:3:      layout_basic, lemuel_crystal_altar
D:4:      layout_loops_ring, minmay_temple_entry_tees,
          amcnicky_mini_corridor_feature, kennysheep_generic_room_11
D:5:      layout_rooms, kennysheep_generic_room_10
D:6:      layout_loops_ring, mainiacjoe_overflow_chevrons,
          vehumet_altar_wand_db, nicolae_dithmenos_shadow_blocks
D:7:      layout_loops_cross, mainiacjoe_overflow_catwalk
D:8:      minmay_bloctagon_deflated, layout_cave_pools,
          hellmonk_guarded_unrand_gyre_and_gimble, uniq_psyche
Temple:   eino_temple_scatter_basement

Skill      XL: |  1  2  3  4  5  6  7  8  9 |
---------------+----------------------------+-----
Fighting       | 4 5 6 7 8 9 |  9.6
Axes           | 3 4 5 7 8 9 |  9.2
Armour         | 4 5 6 7 |  7.2
Shields        | 4 |  4.4
Dodging        | 1 2 3 4 5 |  5.0
Evocations     | 1 2 |  2.3
Throwing       | 1 |  1.6

Action                   |  1- 3 |  4- 6 |  7- 9 || total
-------------------------+-------+-------+-------++-------
Melee: War axe           |    84 |   119 |   204 ||   407
       Headbutt          |     9 |    15 |    39 ||    63
Throw: Dart              |       |       |     4 ||     4
       Javelin           |       |       |    10 ||    10
       Boomerang         |       |       |    10 ||    10
Evoke: Wand              |       |       |     2 ||     2
  Use: Scroll            |       |       |     6 ||     6
       Potion            |       |       |     3 ||     3
 Stab: Distracted        |       |       |     1 ||     1
Armor: Scale mail        |    51 |    30 |       ||    81
       Chain mail        |       |    42 |   102 ||   144
       Plate armour      |       |       |    14 ||    14
Dodge: Dodged            |    43 |    52 |    65 ||   160
Block: Buckler           |    18 |    32 |    48 ||    98

Table legend: (Time is in decaauts)
 A = Elapsed time spent in this place.
 B = Non-inter-level travel time spent in this place.
 C = Inter-level travel time spent in this place.
 D = Time resting spent in this place.
 E = Time spent auto-exploring this place.
 F = Levels seen in this place.
 G = Mean time per level.
                   A        B        C        D        E       F      G
               +--------+--------+--------+--------+--------+-----+--------+
         Total |   8130 |   7749 |    381 |   1153 |   5244 |   9 |  903.3 |
       Dungeon |   7923 |   7559 |    364 |   1153 |   5078 |   8 |  990.4 |
        Temple |    206 |    189 |     17 |      0 |    166 |   1 |  206.0 |
               +--------+--------+--------+--------+--------+-----+--------+

Top non-repeatable levels by time:
     D:1: 1408 daAuts
     D:6: 1381 daAuts
     D:7: 1310 daAuts
     D:2: 1109 daAuts
     D:3: 1067 daAuts
     D:5: 883 daAuts
     D:4: 744 daAuts
  Temple: 206 daAuts
     D:8: 19 daAuts
